 Dungeon Crawl Stone Soup version 0.27-a0-1325-g58a489ad9e (webtiles) character file.

Game seed: 4183358397991005189

8 knot the Chopper (level 2, 23/24 HPs)
             Began as a Demonspawn Berserker on June 24, 2021.
             Was a Follower of Trog.
             Quit the game on level 1 of the Dungeon.
             The game lasted 00:00:31 (522 turns).

knot the Chopper (Demonspawn Berserker)              Turns: 522, Time: 00:00:32

Health: 23/24      AC:  6    Str: 17    XL:     2   Next: 0%
Magic:  2/2        EV: 10    Int:  8    God:    Trog [*.....]
Gold:   19         SH:  0    Dex: 12    Spells: 1/1 levels left

rFire    . . .     SeeInvis .   a - +0 hand axe
rCold    . . .     Faith    .   (no shield)
rNeg     . . .     Spirit   .   d - +0 scale mail
rPois    .         Reflect  .   (no helmet)
rElec    .         Harm     .   (no cloak)
rCorr    .         Rampage  .   (no gloves)
Will     .....                  (no boots)
Stlth    ..........             (no amulet)
HPRegen  0.08/turn              (no ring)
MPRegen  0.08/turn              (no ring)

@: no status effects
A: ignite blood 1
a: Renounce Religion, Berserk


You were on level 1 of the Dungeon.
You worshipped Trog.
Trog was aware of your devotion.
You visited 1 branch of the dungeon, and saw 1 of its levels.

You collected 19 gold pieces.

Inventory:

Hand Weapons
 a - a +0 hand axe (weapon)
Armour
 d - a +0 scale mail (worn)
Scrolls
 b - a scroll of immolation {unknown}
 c - a scroll of magic mapping {unknown}


   Skills:
 - Level 3.0 Fighting
 + Level 3.2 Axes
 - Level 1.7 Armour
 - Level 1.7 Dodging


You had one spell level left.
You didn't know any spells.
Your spell library was empty.

Dungeon Overview and Level Annotations

Branches:
Dungeon (1/15)

Altars:


Innate Abilities, Weirdness & Mutations

Your demonic aura sometimes causes spilled blood to erupt in flames.


Message History

As you open the door, it creaks loudly!
There is an open door here.
Found an escape hatch in the floor.
There is an escape hatch in the floor here.
Key pressed, stopping explore.
No target in view!
No target in view!
No target in view!
No target in view!
b - a scroll labelled REIZOSHROHA A ball python comes into view.
The ball python hisses angrily.
The ball python moves out of view.
No target in view!
Found a stone staircase leading down.
An endoplasm comes into view.
The endoplasm quivers.
A bat comes into view.
A ball python comes into view.
The ball python misses you. The ball python barely misses you.
The bat moves out of view.
The ball python hisses angrily.
You hit the ball python but do no damage.
The ball python bites you. The ball python barely misses you.
You barely miss the ball python. The ball python closely misses you.
The ball python misses you.
A hobgoblin comes into view.
The hobgoblin shouts!
You hit the ball python.
You kill the ball python!
Trog accepts your kill.
You hit the endoplasm.
The endoplasm is moderately wounded.
The endoplasm barely misses you.
You hit the endoplasm.
You kill the endoplasm!
Trog accepts your kill.
You have reached level 2!
Your demonic ancestry asserts itself...
Your blood heats up.
Are you sure you want to abandon this character and quit the game? (Confirm with "yes".)

.# ## #.≈≈. # ....
## #..g .# #.. .#
... .# #.# ##§ #S#
####### #§§≈ #@#
######.....# ≈§≈§
###.####...##.###.#
≈§§≈ #........#....#
#.## §§§§
###.####...#..###..#
.... #...
#####.....>.# ....
#....> #.##.##.#
.#### ##...##
#.##.##.# ###.#
##.## #.##..#.#
#.##### #.#
#.###.#.#


You could see a hobgoblin and a ball python.

Vanquished Creatures
  2 endoplasms (D:1)
  A giant cockroach (D:1)
  A goblin (D:1)
  4 ball pythons (D:1)
8 creatures vanquished.

Notes
Turn   | Place    | Note
-------+----------+-------------------------------------------
     0 | D:1      | knot the Demonspawn Berserker began the quest for the Orb.
     0 | D:1      | Reached XP level 1. HP: 18/18 MP: 1/1
   522 | D:1      | Gained mutation: Your demonic aura sometimes causes spilled
                  | blood to erupt in flames. [demonic ancestry]
   522 | D:1      | Reached XP level 2. HP: 23/24 MP: 2/2
   522 | D:1      | Quit the game

Illustrated notes

Levels and vault maps discovered:
D:1:      dpeg_arrival_water_fire, layout_loops_corners,
          chequers_ecumenical_altar_island, corexii_corridor_pit,
          minmay_misc_feat_ornament

Skill      XL: |  1 |
---------------+----+-----
Axes           | 3 |  3.2
Fighting       | |  3.0
Armour         | |  1.7
Dodging        | |  1.7

Action                   || total
-------------------------++-------
Melee: Hand axe          ||    19
 Stab: Sleeping          ||     2
Armor: Animal skin       ||     5
Dodge: Dodged            ||    14

Table legend: (Time is in decaauts)
 A = Elapsed time spent in this place.
 B = Non-inter-level travel time spent in this place.
 C = Inter-level travel time spent in this place.
 D = Time resting spent in this place.
 E = Time spent auto-exploring this place.
 F = Levels seen in this place.
 G = Mean time per level.
                   A        B        C        D        E       F      G
               +--------+--------+--------+--------+--------+-----+--------+
         Total |    525 |    525 |      0 |      0 |    460 |   1 |  525.0 |
       Dungeon |    525 |    525 |      0 |      0 |    460 |   1 |  525.0 |
               +--------+--------+--------+--------+--------+-----+--------+

Top non-repeatable levels by time:
     D:1: 525 daAuts
